 Dungeon Crawl Stone Soup version 0.29-a0-973-gac7da5f7f0 (webtiles) character file.

Game seed: 4238358926038800632

3997 jlumianski the Chopper (level 10, -3/76 HPs)
             Began as a Demonspawn Fighter on July 31, 2022.
             Was a Believer of Qazlal.
             Slain by a yak (10 damage)
             ... on level 9 of the Dungeon.
             The game lasted 00:38:23 (8160 turns).

jlumianski the Chopper (Demonspawn Fighter)         Turns: 8160, Time: 00:38:23

Health: -3/76      AC: 19    Str: 27    XL:     10   Next: 3%
Magic:  14/14      EV:  6    Int: 10    God:    Qazlal [**....]
Gold:   432        SH: 13    Dex: 18    Spells: 9/9 levels left

rFire   . . .      SeeInvis .   a - +0 war axe (freeze)
rCold   . . .      Faith    .   O - +0 kite shield
rNeg    . . .      Spirit   .   y - +0 plate armour
rPois   .          Reflect  .   (no helmet)
rElec   .          Harm     .   S - +0 cloak
rCorr   .          Rampage  .   t - +0 pair of gloves
Will    .....                   i - +0 pair of boots
Stlth   ..........              J - amulet of regeneration
HPRegen 1.02/turn               A - +6 ring of dexterity
MPRegen 0.14/turn               u - +6 ring of strength

@: no status effects
A: icy blue scales 2, spiny 2, weakness stinger 1
a: Renounce Religion, Upheaval


You were on level 9 of the Dungeon.
You worshipped Qazlal.
Qazlal was pleased with you.
You visited 1 branch of the dungeon, and saw 10 of its levels.

You collected 648 gold pieces.
You spent 216 gold pieces at shops.

Inventory:

Hand Weapons
 a - a +0 war axe of freezing (weapon)
 e - the +2 morningstar "Ekyfyud" {drain, rElec rPois rF+ Stlth+}
   (You bought it in a shop on level 5 of the Dungeon)

   A truly terrible weapon, it drains the life of any living foe it strikes.
   rF:        It protects you from fire.
   rElec:     It insulates you from electricity.
   rPois:     It protects you from poison.
   Stlth:     It makes you more stealthy.
 k - a +0 sling
Missiles
 g - 10 poisoned darts
 j - 81 stones
 r - 5 curare-tipped darts
 v - 3 datura-tipped darts
 E - 12 boomerangs (quivered)
Armour
 b - a +0 scale mail
 c - a +0 buckler
 i - a +0 pair of boots (worn)
 t - a +0 pair of gloves (worn)
 y - a +0 plate armour (worn)
 L - a +0 helmet
 O - a +0 kite shield (worn)
 R - +0 steam dragon scales
 S - a +0 cloak (worn)
Magical Staves
 m - a staff of poison
Jewellery
 u - a +6 ring of strength (right hand)
 A - a +6 ring of dexterity (left hand)
 D - a ring of resist corrosion
 J - an amulet of regeneration (around neck)
 K - the macabre finger necklace {rN+}
   (You found it on level 7 of the Dungeon)

   [amulet of nothing]

   It enables you to equip an extra ring.
   rN:        It protects you from negative energy.
Wands
 F - a wand of paralysis (9)
 M - a wand of flame (4)
 N - a wand of polymorph (5)
 T - a wand of roots (3)
Scrolls
 o - a scroll of amnesia
 q - 3 scrolls of teleportation
 s - a scroll of immolation
 G - a scroll of summoning
 H - a scroll of butterflies
 I - a scroll of poison
Potions
 d - 4 potions of might
 f - a potion of flight
 h - a potion of haste
 l - a potion of ambrosia
 n - a potion of lignification
 p - a potion of curing
 w - a potion of degeneration
 x - a potion of magic
 z - 3 potions of attraction
 B - 2 potions of heal wounds
 C - a potion of berserk rage
 P - a potion of brilliance {unknown}
 Q - 2 potions of mutation {unknown}


   Skills:
 + Level 5.9 Fighting
 + Level 7.8 Axes
 + Level 1.2 Throwing
 + Level 6.1 Armour
 + Level 1.9 Dodging
 + Level 0.3 Stealth
 + Level 5.0 Shields
 * Level 6.0 Invocations
 * Level 4.8 Evocations


You had 9 spell levels left.
You didn't know any spells.
Your spell library contained the following spells:

 Spells                   Type           Power      Damage    Failure   Level
 Necrotise                Necr           0%         1d4       100%        1
 Blink                    Tloc           0%         N/A       100%        2
 Passwall                 Tmut/Erth      0%         N/A       100%        2
 Sublimation of Blood     Necr           0%         N/A       100%        2
 Dazzling Flash           Conj/Hex       0%         N/A       100%        3
 Inner Flame              Hex/Fire       0%         N/A       100%        3
 Lesser Beckoning         Tloc           0%         N/A       100%        3
 Spider Form              Tmut/Pois      0%         N/A       100%        3
 Vampiric Draining        Necr           0%         2d6       100%        3
 Petrify                  Tmut/Erth      0%         N/A       100%        4
 Agony                    Necr           0%         N/A       100%        5
 Irradiate                Conj/Tmut      0%         3d11      100%        5
 Manifold Assault         Tloc           0%         N/A       100%        5
 Silence                  Hex/Air        0%         N/A       100%        5
 Dragon Form              Tmut           0%         N/A       100%        7
 Ignition                 Fire           0%         3d3       100%        8


Dungeon Overview and Level Annotations

Branches:
Dungeon (10/15)            Temple (0/1) D:6
   Lair: D:8-11         Orc: D:9-12

Altars:
Ashenzari
Cheibriados
Dithmenos
Hepliaklqana
Makhleb
Nemelex Xobeh
Qazlal
Ru
Sif Muna
Trog
Uskayaw
Yredelemnul

Shops:
D:1 :   D:5 ((=*(   D:7 *:

Portals:
Bailey: D:10

Annotations:
D:3 3 runed translucent doors, CowFu's ghost, amateur GrNe
D:6 2 transporters, IdlyInterested's ghost, novice DsFi


Innate Abilities, Weirdness & Mutations

You are mostly covered in icy blue scales. (AC +3)
You are mostly covered in sharp spines.
You have a small tail.


Message History

Found a chain mail.
Found a flagged portal.
The goblin shouts! x2
The goblin throws a boomerang.
You block the boomerang.
A two-headed ogre comes into view. It is wielding two +0 giant clubs.
You hear the faint creaking of a portcullis.
There is an escape hatch in the ceiling here.
Throw: 12 boomerangs
Press: ? - help, Q - select action, (/) - cycle Shift-Dir - straight line, f - two-headed ogre
Aim: a two-headed ogre, wielding two +0 giant clubs (77% to hit)
You throw a boomerang.
The boomerang closely misses the two-headed ogre.
The goblin is struck by your spines.
You kill the goblin!
Qazlal accepts your kill.
The two-headed ogre is engulfed in freezing vapours.
You block the two-headed ogre's attack. x2
A mysterious force pulls you upwards. The hatch slams shut behind you.
The yak bellows!
Found a long bone wand.
You hit the two-headed ogre. You freeze the two-headed ogre.
The two-headed ogre is moderately wounded.
A yak comes into view. x3
The two-headed ogre hits you with a +0 giant club!
The two-headed ogre hits you but does no damage.
The yak bellows! x3
You hit the two-headed ogre. You freeze the two-headed ogre.
The two-headed ogre is heavily wounded.
You hit the two-headed ogre but do no damage.
You tail-slap the two-headed ogre, but do no damage.
The two-headed ogre is heavily wounded.
You block the two-headed ogre's attack.
The two-headed ogre hits you with a +0 giant club!
You barely miss the two-headed ogre. You tail-slap the two-headed ogre!
The two-headed ogre is severely wounded.
The two-headed ogre is struck by your spines.
The two-headed ogre hits you with a +0 giant club!! x2
* * * LOW HITPOINT WARNING * * *
The yak attacks as you move away! The yak gores you but does no damage.
The yak attacks as you move away! The yak gores you!
You die...

#. #. #. #.
#. #.
#.##########
#.@Y§O.Y....
#...YY......
#....Y......
#.##########
#/ #. #. #.


You could see a two-headed ogre and 5 yaks.

Vanquished Creatures
  2 hornets
  Prince Ribbit (D:6)
  5 yaks
  A steam dragon (D:8)
  An ice beast (D:6)
  3 orc warriors
  A sky beast (D:8)
  An ogre (D:5)
  A centaur (D:10)
  A phantom (D:5)
  2 gnoll sergeants (D:7)
  2 scorpions
  2 jellies
  12 killer bees
  An electric eel (D:7)
  4 orc priests
  A gnoll bouda (D:8)
  3 hounds
  2 iguanas
  11 orc wizards
  5 adders
  14 gnolls
  2 shadow imps
  A white imp (D:5)
  2 ufetubi (D:5)
  2 worms
  2 dart slugs
  28 orcs
  4 ball pythons
  7 bats
  10 endoplasms
  5 giant cockroaches
  7 goblins
  8 hobgoblins
  4 jackals (D:1)
  7 kobolds
  2 quokkas
  3 frilled lizards (D:1)
  5 rats
175 creatures vanquished.

Vanquished Creatures (others)
  A vampire (D:10)
  3 plants (D:5)
4 creatures vanquished.

Grand Total: 179 creatures vanquished

Notes
Turn   | Place    | Note
-------+----------+-------------------------------------------
     0 | D:1      | jlumianski the Demonspawn Fighter began the quest for the
                  | Orb.
     0 | D:1      | Reached XP level 1. HP: 18/18 MP: 1/1
     1 | D:1      | Noticed an electric eel
   196 | D:1      | Gained mutation: You are partially covered in sharp spines.
                  | [demonic ancestry]
   196 | D:1      | Reached XP level 2. HP: 5/24 MP: 2/2
   454 | D:1      | Reached skill level 2 in Axes
   655 | D:1      | Found Hamask's Book Emporium.
   677 | D:1      | Reached XP level 3. HP: 25/29 MP: 3/3
   735 | D:1      | Found a faded altar of an unknown god.
  1388 | D:3      | Reached XP level 4. HP: 26/36 MP: 4/4
  1408 | D:3      | Reached skill level 3 in Axes
  1858 | D:5      | Entered Level 5 of the Dungeon
  1886 | D:5      | Gained mutation: You are partially covered in icy blue
                  | scales. (AC +2) [demonic ancestry]
  1886 | D:5      | Reached XP level 5. HP: 34/42 MP: 5/5
  1943 | D:6      | Noticed IdlyInterested's ghost (novice DsFi)
  1943 | D:6      | Noticed an orc warrior
  2086 | D:3      | Noticed CowFu's ghost (amateur GrNe)
  2098 | D:3      | Found a runed translucent gate.
  2285 | D:3      | Found a runed translucent gate.
  2286 | D:3      | Found a runed translucent gate.
  3109 | D:5      | Found Omoab's Antique Weapon Emporium.
  3214 | D:5      | Bought a dazzling morningstar for 216 gold pieces
  3214 | D:5      | Identified the +2 morningstar "Ekyfyud" {drain, rElec rPois
                  | rF+ Stlth+} (You bought it in a shop on level 5 of the
                  | Dungeon)
  3540 | D:4      | Got the Spellbook of the Volcanoes and Moulding
  3640 | D:4      | Reached skill level 4 in Axes
  3730 | D:5      | Gained mutation: You have a small tail. [demonic ancestry]
  3730 | D:5      | Reached XP level 6. HP: 48/48 MP: 6/6
  3846 | D:5      | Got Sif Muna's Exposition on the Quantum Spider
  3848 | D:5      | Found Ewneoxot's Jewellery Shop.
  4073 | D:5      | Reached skill level 1 in Dodging
  4272 | D:5      | Found Toveut's Weapon Boutique.
  4292 | D:5      | Reached XP level 7. HP: 54/54 MP: 7/7
  4361 | D:5      | Found Jimit's General Store.
  4398 | D:5      | Found Hepsox's Weapon Shoppe.
  4997 | D:6      | Found a transporter.
  4999 | D:6      | Found a transporter.
  5031 | D:6      | Found a sacrificial altar of Ru.
  5035 | D:6      | Found a bloodstained altar of Trog.
  5039 | D:6      | Found a stormy altar of Qazlal.
  5040 | D:6      | Found a basalt altar of Yredelemnul.
  5046 | D:6      | Became a worshipper of Qazlal Stormbringer
  5231 | D:6      | Reached skill level 5 in Axes
  5301 | D:6      | Found a staircase to the Ecumenical Temple.
  5559 | D:6      | Noticed Prince Ribbit
  5567 | D:6      | Killed Prince Ribbit
  5568 | D:6      | Reached skill level 1 in Invocations
  5568 | D:6      | Reached skill level 1 in Evocations
  5846 | D:6      | Reached XP level 8. HP: 61/61 MP: 9/9
  5877 | D:7      | Reached skill level 1 in Throwing
  6009 | D:7      | Reached skill level 6 in Axes
  6142 | D:7      | Found the macabre finger necklace {rN+}
  6212 | D:7      | Found Sitwo's Book Emporium.
  6212 | D:7      | Found Solicaz's General Store.
  6395 | D:7      | Reached skill level 5 in Armour
  6551 | D:7      | Reached * piety under Qazlal
  6580 | D:7      | Gained mutation: You are mostly covered in icy blue scales.
                  | (AC +3) [demonic ancestry]
  6580 | D:7      | Reached XP level 9. HP: 50/66 MP: 12/12
  6921 | D:7      | Reached skill level 5 in Fighting
  6936 | D:7      | Reached skill level 5 in Invocations
  6986 | D:7      | Reached skill level 7 in Axes
  7124 | D:8      | Reached ** piety under Qazlal
  7463 | D:8      | Found a broken altar of Ashenzari.
  7466 | D:8      | Found a snail-covered altar of Cheibriados.
  7469 | D:8      | Found a hazy altar of Hepliaklqana.
  7469 | D:8      | Found a burning altar of Makhleb.
  7469 | D:8      | Found a shimmering blue altar of Sif Muna.
  7469 | D:8      | Found a shadowy altar of Dithmenos.
  7471 | D:8      | Found a hide-covered altar of Uskayaw.
  7544 | D:8      | Found a sparkling altar of Nemelex Xobeh.
  7979 | D:9      | Gained mutation: You are mostly covered in sharp spines.
                  | [demonic ancestry]
  7979 | D:9      | Reached XP level 10. HP: 66/76 MP: 14/14
  7999 | D:10     | Entered Level 10 of the Dungeon
  8023 | D:10     | Reached skill level 5 in Shields
  8147 | D:10     | Found a flagged portal.
  8147 | D:10     | Noticed a two-headed ogre
  8160 | D:9      | Slain by a yak

Illustrated notes

Levels and vault maps discovered:
D:1:      arrival_aquarium_a, layout_basic, serial_shops,
          nicolae_shop_statue_plus, shapermc_ecumenical_altar_ellora,
          minmay_misc_feat_x
D:2:      layout_loops_ring, basic_altar, minmay_pentomino_u4
D:3:      layout_loops_ring, gammafunk_ghost_split
D:4:      layout_cave_pools, hex_medium
D:5:      layout_gridville, serial_shops, shop_fountains,
          nicolae_inconvenience_store, nicolae_shop_stone,
          nicolae_shop_behind_doors, nicolae_shop_window_shopping,
          serial_bayou_lagoon_a
D:6:      nicolae_cairo_tiling_large, layout_loops_ring,
          mainiacjoe_overflow_alcove_3, minmay_temple_entry_drinking_statues,
          gammafunk_ghost_arena, uniq_prince_ribbit1
D:7:      layout_basic, abandoned_shop, nicolae_wooded_promenade,
          minmay_quadrilaterals
D:8:      layout_loops_ring, minitemple
D:9:      layout_long_grid, erik_lair_orcish_takeover, serial_shops,
          nicolae_shop_stone, grunt_ogre_cave, hex_tiny,
          minmay_misc_feat_hallway, minmay_misc_feat_enclosed,
          hangedman_abyss_or_decor_stabs
D:10:     layout_loops_ring, zombieorc2_lemuel, enter_bailey_5

Skill      XL: |  1  2  3  4  5  6  7  8  9 10 |
---------------+-------------------------------+-----
Axes           | 2 3 4 5 6 7 |  7.8
Shields        | 3 4 5 |  5.0
Armour         | 3 4 5 6 |  6.1
Fighting       | 4 5 |  5.9
Dodging        | 1 |  1.9
Invocations    | 2 4 6 |  6.0
Evocations     | 1 3 4 |  4.8
Throwing       | 1 |  1.2
Stealth        | |  0.3

Action                   |  1- 3 |  4- 6 |  7- 9 | 10-12 || total
-------------------------+-------+-------+-------+-------++-------
Melee: War axe           |    74 |   122 |   209 |    11 ||   416
       Tailslap          |       |     3 |    28 |     3 ||    34
Throw: Dart              |       |     2 |       |       ||     2
       Boomerang         |       |       |     8 |     1 ||     9
       Stone             |       |       |     2 |       ||     2
Invok: Upheaval          |       |       |     2 |       ||     2
  Use: Potion            |       |     3 |     4 |       ||     7
       Scroll            |       |    10 |     5 |       ||    15
Armor: Scale mail        |    35 |    23 |       |       ||    58
       Plate armour      |       |    66 |   155 |    10 ||   231
Dodge: Dodged            |    36 |    26 |    82 |     4 ||   148
Block: Buckler           |    20 |    29 |    40 |       ||    89
       Kite shield       |       |       |    80 |    15 ||    95

Table legend: (Time is in decaauts)
 A = Elapsed time spent in this place.
 B = Non-inter-level travel time spent in this place.
 C = Inter-level travel time spent in this place.
 D = Time resting spent in this place.
 E = Time spent auto-exploring this place.
 F = Levels seen in this place.
 G = Mean time per level.
                   A        B        C        D        E       F      G
               +--------+--------+--------+--------+--------+-----+--------+
         Total |   8349 |   8233 |    116 |   1143 |   3843 |  10 |  834.9 |
       Dungeon |   8349 |   8233 |    116 |   1143 |   3843 |  10 |  834.9 |
               +--------+--------+--------+--------+--------+-----+--------+

Top non-repeatable levels by time:
     D:5: 1471 daAuts
     D:1: 1203 daAuts
     D:3: 1175 daAuts
     D:7: 1071 daAuts
     D:8: 1057 daAuts
     D:4: 942 daAuts
     D:6: 906 daAuts
     D:2: 250 daAuts
    D:10: 156 daAuts
     D:9: 115 daAuts
